 Dungeon Crawl Stone Soup version 0.18.1-50-g88ac8fd (webtiles) character file.

37149 mopl the Covert (level 13, -5/65 HPs)
             Began as a Vine Stalker Monk on July 23, 2018.
             Was the Champion of Pakellas.
             Hit by a stone thrown by a minotaur (24 damage)
             ... in a labyrinth.
             The game lasted 00:54:07 (14476 turns).

mopl the Covert (Vine Stalker Monk)                Turns: 14476, Time: 00:54:07

Health: -5/65      AC:  7    Str: 15    XL:     13   Next: 94%
Magic:  0/23       EV: 17    Int: 10    God:    Pakellas [******]
Gold:   652        SH:  6    Dex: 21    Spells: 2 memorised, 6 levels left

rFire  . . .     SeeInvis .     g - +1 rod of clouds (8/14) {!a}
rCold  . . .     Gourm    .     K - +2 robe {MR+}
rNeg   . . .     Faith    +     h - +0 buckler
rPois  .         Spirit   +     (no helmet)
rElec  .         Dismiss  .     (no cloak)
rCorr  .         Reflect  .     (no gloves)
SustAt .         Harm     .     Z - +2 pair of boots
MR     ++...     Clarity  +     T - amulet of faith {!P}
Stlth  ++++++....               (no ring)
                                p - +1 ring of evasion

@: very resistant to hostile enchantments, very stealthy
A: fangs 3, clarity, regeneration 3, magic shield, antimagic bite, no device
heal 3, rot immunity
a: Quick Charge, Device Surge, Supercharge, Renounce Religion


You were in a labyrinth.
You worshipped Pakellas.
Pakellas was exalted by your worship.
You were hungry.

You visited 3 branches of the dungeon, and saw 17 of its levels.
You also visited: Labyrinth and Ossuary.

You collected 1000 gold pieces.
You spent 348 gold pieces at shops.

Inventory:

Hand Weapons
 a - a +0 short sword of flaming
 c - a +2 long sword of freezing
 j - a +2 falchion of flaming
Missiles
 y - a throwing net
 E - 20 poisoned needles
 O - 13 tomahawks (quivered)
Armour
 h - a +0 buckler (worn)
 s - a +0 large shield of cold resistance
 K - a +2 robe of magic resistance (worn)
 Z - a +2 pair of boots (worn)
Rods
 g - a +1 rod of clouds (8/14) (in hand) {!a}
   (Pakellas gifted it to you on level 1 of the Lair of Beasts)
Jewellery
 p - a +1 ring of evasion (left hand)
 H - an uncursed amulet of regeneration {unknown}
 T - an amulet of faith (around neck) {!P}
Wands
 q - a wand of enslavement (20/24)
 w - a wand of lightning (9/15)
 x - a wand of iceblast (10/15)
 F - a wand of polymorph (9/24)
 L - a wand of paralysis (22/24)
 N - a wand of flame (17/48)
 S - a wand of lightning (14/15)
Scrolls
 e - 3 scrolls of fear
 f - 3 scrolls of identify
 i - 3 scrolls of noise {unknown}
 k - 2 scrolls of random uselessness {unknown}
 l - 3 scrolls of amnesia {unknown}
 n - 2 scrolls of recharging {unknown}
 o - 2 scrolls of fog {unknown}
 v - 6 scrolls of immolation {unknown}
 z - 7 scrolls of teleportation {unknown}
 B - 6 scrolls of remove curse
 C - 4 scrolls of magic mapping
 D - 4 scrolls of enchant armour {unknown}
 Q - 4 scrolls of blinking {unknown}
 W - a scroll of silence {unknown}
 X - 3 scrolls of holy word {unknown}
 Y - a scroll of enchant weapon {unknown}
Potions
 d - 6 potions of flight
 m - 3 potions of haste
 r - 6 potions of curing
 u - 4 potions of agility
 A - a potion of brilliance
 G - 3 potions of magic
 I - a potion of cancellation
 P - a potion of ambrosia
 R - 4 potions of might
 V - 3 potions of lignification {!q}
Miscellaneous
 t - a sack of spiders
 M - a box of beasts {used: 3}
 U - a stone of tremors
Comestibles
 b - 8 bread rations


   Skills:
 + Level 5.8 Fighting
 + Level 8.7 Short Blades
 + Level 3.6 Armour
 + Level 5.2 Dodging
 + Level 14.1 Stealth
 + Level 6.0 Shields
 - Level 4.0 Unarmed Combat
 * Level 13.0 Evocations


You had 6 spell levels left.
You knew the following spells:

 Your Spells              Type           Power        Failure   Level  Hunger
f - Shroud of Golubria    Chrm/Tloc      #.........   61%         2    ###....
P - Passage of Golubria   Tloc           N/A          100%        4    #####..


Dungeon Overview and Level Annotations

Branches:
Dungeon (10/15)            Temple (1/1) D:6            Lair (6/8) D:8
 Shoals (0/4) Lair:6        Snake (0/4) Lair:5          Orc (0/2) D:9
  Slime: Lair:6-8

Altars:
Ashenzari
Cheibriados
Dithmenos
Elyvilon
Fedhas
Gozag
Nemelex Xobeh
Okawaru
Pakellas
Qazlal
Trog
Vehumet
Zin

Shops:
D:5 *   D:9 !   D:10 (

Annotations:
D:5 moth, Duvessa


Innate Abilities, Weirdness & Mutations

You have razor-sharp teeth.
You regenerate.
When hurt, damage is shared between your health and your magic reserves.
Your bite disrupts and absorbs the magic of your enemies.
Potions and wands cannot restore your health.
You are immune to rotting.
You possess an exceptional clarity of mind.


Message History

Evoke which item? (* to show all) (? for menu, Esc to quit)
Zapping:
L - a wand of paralysis (24/24)
Press: ? - help, Shift-Dir - straight line, f/p - minotaur
Aim: a minotaur, wielding a lightning rod, wearing a runed plate armour and wearing a tourmaline ring (flame, lightly wounded, chance to defeat MR: 36%)
The minotaur easily resists.
This wand has 23 charges left.
The minotaur zaps a rod.
The lightning hits you!
Evoke which item? (* to show all) (? for menu, Esc to quit)
Zapping:
L - a wand of paralysis (23/24)
Press: ? - help, Shift-Dir - straight line, f/p - minotaur
Aim: a minotaur, wielding a lightning rod, wearing a runed plate armour and wearing a tourmaline ring (flame, lightly wounded, chance to defeat MR: 36%)
The minotaur easily resists.
This wand has 22 charges left.
The minotaur is engulfed in roaring flames.
The minotaur zaps a rod.
The lightning hits you!
Ouch! That really hurt!
* * * LOW HITPOINT WARNING * * *
Unknown command.
The minotaur is engulfed in roaring flames.
The minotaur throws a stone.
The stone hits you!!
You die...
Pakellas says: That's one more possible approach eliminated.

# # # # . #
.# # # # . .
... ..# # # #
# ## ..#.. ..
.. ... . #.
#############
#.
#<@.........#
.
#.#########.#
# .#H#
........#
..#§###.#.#
### # ..#§§
#. .. . ####
. .#.# # # .#
.## # # ..#
#. . .# # # #
. .#.


You could see a minotaur.

Vanquished Creatures
  Erolcha (D:9)
  The ghost of magog001 the Blocker, a journeyman MiFi (D:9)
  4 hydras
  An anaconda (Lair:5)
  A catoblepas (Lair:4)
  An unseen horror (D:10)
  A hill giant (D:10)
  Pikel (D:6)
  10 black mambas
  An elephant (Lair:3)
  Joseph (D:8)
  The ghost of magog001 the Shield-Bearer, a novice MiFi (D:5)
  A torpor snail (Lair:4)
  8 spiny frogs
  2 rime drakes
  6 komodo dragons
  Grum (D:9)
  A two-headed ogre (D:8)
  12 blink frogs
  2 wyverns
  16 yaks
  A human (D:10)
  2 wraiths (Ossuary)
  5 hippogriffs
  4 hungry ghosts
  12 water moccasins
  10 porcupines
  5 orc warriors
  3 slaves
  3 black bears
  4 sky beasts
  An ice beast (D:7)
  An ogre (D:10)
  3 phantoms
  An eye of draining (D:8)
  2 wolves (D:9)
  3 centaurs
  6 crocodiles
  9 giant frogs
  A gnoll sergeant (D:6)
  Dowan (D:5)
  A scorpion (Lair:3)
  2 wights (Ossuary)
  5 crimson imps
  4 hounds
  3 jellies
  5 orc priests
  11 orc wizards
  5 iguanas
  6 worker ants
  4 sheep (D:10)
  2 hound zombies
  A worker ant zombie (D:7)
  20 adders
  5 gnolls
  21 river rats
  A shadow imp (D:8)
  An ooze (D:1)
  4 adder skeletons
  2 adder zombies (Ossuary)
  4 worms
  3 dart slugs
  4 giant geckos
  46 orcs
  6 ball pythons
  7 bats
  8 giant cockroaches
  5 goblins
  7 hobgoblins
  6 jackals
  12 kobolds
  6 quokkas
  A ball python skeleton (Ossuary)
  2 giant gecko skeletons
  4 giant newts
  A hobgoblin skeleton (Ossuary)
  2 hobgoblin zombies (Ossuary)
  3 orc skeletons (Ossuary)
  An orc zombie (Ossuary)
  A quokka skeleton (D:9)
  8 rats
  A butterfly (Lair:4)
391 creatures vanquished.

Vanquished Creatures (collateral kills)
  2 water moccasins (Lair:5)
  An orc warrior (D:6)
  A wolf (D:9)
  A giant frog (D:10)
  An orc wizard (D:6)
  2 orcs (D:6)
8 creatures vanquished.

Vanquished Creatures (others)
  A slave (D:6)
  A wolf (D:9)
  A worker ant (D:6)
  An orc (D:6)
  2 fungi (Lair:5)
  2 plants
8 creatures vanquished.

Grand Total: 407 creatures vanquished

Notes
Turn   | Place    | Note
--------------------------------------------------------------
     0 | D:1      | mopl the Vine Stalker Monk began the quest for the Orb.
     0 | D:1      | Reached XP level 1. HP: 11/11 MP: 2/2
    57 | D:1      | Reached skill level 3 in Stealth
    61 | D:1      | Reached XP level 2. HP: 15/16 MP: 1/3
   253 | D:1      | Reached skill level 3 in Fighting
   253 | D:1      | Reached XP level 3. HP: 20/20 MP: 4/4
   513 | D:2      | Found a shattered altar of Ashenzari.
   522 | D:2      | Found an iron altar of Okawaru.
   699 | D:2      | Reached skill level 1 in Short Blades
   755 | D:2      | Reached skill level 4 in Stealth
   755 | D:2      | Reached XP level 4. HP: 12/24 MP: 2/5
  1528 | D:3      | Reached skill level 1 in Shields
  1534 | D:3      | Reached XP level 5. HP: 9/28 MP: 2/6
  2478 | D:4      | Reached skill level 5 in Stealth
  2484 | D:4      | Reached skill level 3 in Dodging
  2503 | D:4      | Gained mutation: You heal very quickly. [Vine Stalker growth]
  2503 | D:4      | Reached XP level 6. HP: 21/32 MP: 7/7
  2590 | D:4      | Reached skill level 2 in Shields
  3072 | D:5      | Entered Level 5 of the Dungeon
  3072 | D:5      | Noticed magog001's ghost (novice MiFi)
  3097 | D:5      | Found Zin's Purification Station.
  3098 | D:5      | Found a glowing silver altar of Zin.
  3102 | D:5      | Noticed a phantom
  3103 | D:5      | Bought a potion of curing for 90 gold pieces
  3201 | D:5      | Noticed Dowan
  3260 | D:5      | Reached skill level 1 in Evocations
  3313 | D:6      | Reached skill level 2 in Short Blades
  3313 | D:6      | Reached XP level 7. HP: 13/37 MP: 3/9
  3320 | D:6      | Found a staircase to the Ecumenical Temple.
  3331 | Temple   | Entered the Ecumenical Temple
  3338 | Temple   | Became a worshipper of Pakellas the Inventive
  3338 | Temple   | Reached * piety under Pakellas
  3338 | Temple   | Received a gift from Pakellas
  3338 | Temple   | Reached ** piety under Pakellas
  3338 | Temple   | Received a gift from Pakellas
  3497 | D:6      | Reached skill level 6 in Stealth
  3497 | D:6      | Reached skill level 2 in Evocations
  3627 | D:6      | Noticed Pikel
  3909 | D:5      | Found Yput's General Store.
  3917 | D:5      | Bought 2 potions of might for 104 gold pieces
  3936 | D:5      | Reached skill level 3 in Shields
  4007 | D:5      | Reached skill level 3 in Evocations
  4007 | D:5      | Gained mutation: You have razor-sharp teeth. [Vine Stalker growth]
  4007 | D:5      | Reached XP level 8. HP: 14/42 MP: 11/11
  4365 | D:6      | Killed Pikel
  4365 | D:6      | Reached skill level 3 in Short Blades
  4365 | D:6      | Reached skill level 7 in Stealth
  4365 | D:6      | Reached skill level 4 in Evocations
  4366 | D:6      | Found a sparkling altar of Nemelex Xobeh.
  4556 | D:6      | Reached skill level 4 in Shields
  4600 | D:6      | Found a blossoming altar of Fedhas.
  4700 | D:6      | Reached skill level 5 in Evocations
  4700 | D:6      | Reached XP level 9. HP: 45/45 MP: 13/13
  4847 | D:6      | Reached skill level 4 in Short Blades
  5003 | D:5      | Found a shadowy altar of Dithmenos.
  5045 | D:5      | Noticed Duvessa
  5067 | D:5      | Killed Dowan
  5067 | D:5      | Reached skill level 8 in Stealth
  5432 | D:5      | Killed magog001's ghost
  5557 | D:5      | Noticed a moth of wrath
  5559 | D:5      | Found a bloodstained altar of Trog.
  5724 | D:7      | Found a sand-covered staircase.
  5733 | Ossuary  | Entered an ossuary
  5930 | Ossuary  | Reached skill level 6 in Evocations
  6022 | D:7      | Reached *** piety under Pakellas
  6022 | D:7      | Received a gift from Pakellas
  6022 | D:7      | Reached skill level 9 in Stealth
  6047 | D:7      | Identified the Grimoire of Quantum Heat (You found it on level 7 of the Dungeon)
  6051 | D:7      | Learned a level 2 spell: Shroud of Golubria
  6060 | D:7      | Learned a level 4 spell: Passage of Golubria
  6177 | D:7      | Reached skill level 5 in Short Blades
  6243 | D:7      | Reached skill level 7 in Evocations
  6381 | D:7      | Reached XP level 10. HP: 49/49 MP: 16/16
  6793 | D:8      | Found a staircase to the Lair.
  7000 | D:8      | Noticed Joseph
  7024 | D:8      | Killed Joseph
  7024 | D:8      | Reached skill level 10 in Stealth
  7024 | D:8      | Reached skill level 8 in Evocations
  7143 | D:8      | Reached skill level 6 in Short Blades
  7302 | D:9      | Found a staircase to the Orcish Mines.
  7307 | D:9      | Found a stormy altar of Qazlal.
  7359 | D:9      | Found an opulent altar of Gozag.
  7603 | D:9      | Noticed Grum
  7641 | D:9      | Killed Grum
  7656 | D:9      | Noticed magog001's ghost (journeyman MiFi)
  7844 | D:9      | Noticed Erolcha
  7846 | D:9      | Killed Erolcha
  7846 | D:9      | Reached skill level 9 in Evocations
  8023 | D:9      | Killed magog001's ghost
  8023 | D:9      | Reached skill level 11 in Stealth
  8023 | D:9      | Reached XP level 11. HP: 53/53 MP: 13/19
  8177 | D:9      | Found Buwk's Distillery.
  8186 | D:9      | Bought a potion of degeneration for 14 gold pieces
  8186 | D:9      | Bought a potion of haste for 140 gold pieces
  8251 | D:10     | Entered Level 10 of the Dungeon
  8325 | D:10     | Reached skill level 7 in Short Blades
  8336 | D:10     | Reached **** piety under Pakellas
  8336 | D:10     | Received a gift from Pakellas
  8465 | D:10     | Noticed a hill giant
  8490 | D:10     | Killed a hill giant
  8661 | D:10     | Killed an unseen horror
  8801 | D:10     | Found a blossoming altar of Fedhas.
  8859 | D:10     | Reached skill level 10 in Evocations
  8968 | D:10     | Reached skill level 12 in Stealth
  8968 | D:10     | Reached skill level 11 in Evocations
  8968 | D:10     | Gained mutation: You regenerate. [Vine Stalker growth]
  8968 | D:10     | Reached XP level 12. HP: 58/58 MP: 19/21
  9106 | D:10     | Found Coxkolah's Antique Weapon Emporium.
  9251 | D:10     | Reached skill level 13 in Stealth
  9334 | Lair:1   | Entered Level 1 of the Lair of Beasts
  9453 | Lair:1   | Reached ***** piety under Pakellas
  9453 | Lair:1   | Received a gift from Pakellas
  9469 | Lair:1   | Reached skill level 12 in Evocations
  9674 | Lair:1   | Reached skill level 4 in Fighting
  9734 | Lair:1   | Got a translucent ring mail
  9745 | Lair:1   | Identified the +3 ring mail of Absolutism {rF++ MR+} (You found it on level 1 of the Lair of Beasts)
 10117 | Lair:1   | Noticed a six-headed hydra
 10121 | Lair:1   | Killed a six-headed hydra
 10121 | Lair:1   | Reached skill level 1 in Armour
 10226 | Lair:2   | Gained mutation: You possess an exceptional clarity of mind. [potion of beneficial mutation]
 10517 | Lair:2   | Noticed a five-headed hydra
 10534 | Lair:2   | Killed a one-headed hydra
 10534 | Lair:2   | Reached skill level 5 in Shields
 10985 | Lair:3   | Reached skill level 2 in Armour
 11047 | Lair:3   | Reached XP level 13. HP: 63/63 MP: 23/23
 11081 | Lair:3   | Reached skill level 4 in Dodging
 11153 | Lair:3   | Reached skill level 8 in Short Blades
 12183 | Lair:4   | Found a shattered altar of Ashenzari.
 12197 | Lair:4   | Reached skill level 5 in Fighting
 12525 | Lair:4   | Found a runed door.
 12529 | Lair:4   | Reached skill level 3 in Armour
 12650 | Lair:4   | Identified a +1 rod of clouds (14/14) {!a} (Pakellas gifted it to you on level 1 of the Lair of Beasts)
 13361 | Lair:5   | Found a staircase to the Snake Pit.
 13378 | Lair:5   | Reached ****** piety under Pakellas
 13513 | Lair:5   | Reached skill level 5 in Dodging
 13513 | Lair:5   | Reached skill level 14 in Stealth
 14060 | Lair:6   | Reached skill level 13 in Evocations
 14108 | Lair:6   | Reached skill level 6 in Shields
 14119 | Lair:6   | Found a labyrinth entrance.
 14134 | Lab      | Entered a labyrinth
 14459 | Lab      | Noticed a minotaur
 14476 | Lab      | Hit by a stone thrown by a minotaur

Skill      XL: |  1  2  3  4  5  6  7  8  9 10 11 12 13 |
---------------+----------------------------------------+-----
Stealth        | 3 4 5 6 7 9 11 12 13 14 | 14.1
Fighting       | 3 4 5 |  5.8
Short Blades   | 1 2 3 5 6 7 8 |  8.7
Shields        | 1 2 3 4 5 6 |  6.0
Dodging        | 3 5 |  5.2
Evocations     | 1 3 5 7 9 11 12 13 | 13.0
Armour         | 2 3 |  3.6
Unarmed Combat | |  4.0

Action                   |  1- 3 |  4- 6 |  7- 9 | 10-12 | 13-15 || total
-------------------------+-------+-------+-------+-------+-------++-------
Melee: Unarmed           |    96 |   256 |   379 |    22 |    37 ||   790
       Bite              |    25 |    88 |   176 |   194 |    88 ||   571
       Spear             |     4 |       |       |       |       ||     4
       Short sword       |       |       |    29 |   250 |   225 ||   504
       Dagger            |       |       |    53 |   277 |       ||   330
       Falchion          |       |       |       |     6 |       ||     6
Throw: Tomahawk          |       |       |       |     3 |       ||     3
Invok: Quick Charge      |       |       |    10 |     9 |     9 ||    28
Evoke: Wand              |       |     1 |    19 |    44 |    49 ||   113
       Box of beasts     |       |       |     1 |     1 |     1 ||     3
       Rod               |       |       |       |       |     2 ||     2
  Use: Scroll            |       |       |       |    10 |     4 ||    14
       Potion            |       |       |       |     2 |       ||     2
 Stab: Sleeping          |     5 |     5 |    15 |    32 |    22 ||    79
       Distracted        |       |     2 |     1 |       |       ||     3
       Paralysed         |       |     5 |    43 |    42 |    64 ||   154
  Eat: Chunk             |       |     8 |    12 |    16 |    13 ||    49
Armor: Robe              |    12 |    18 |    55 |    70 |    24 ||   179
Dodge: Dodged            |    53 |   118 |   218 |   238 |    90 ||   717
Block: Buckler           |    16 |    42 |    86 |    89 |    43 ||   276
